 Dungeon Crawl Stone Soup version 0.18.1-50-g88ac8fd (webtiles) character file.

88 FallenPrincess the Grasshopper (level 4, -9/33 HPs)
             Began as a Vampire Warper on Oct 29, 2016.
             Killed by divine providence
             ... invoked by an orc priest
              (15 damage)
             ... on level 3 of the Dungeon.
             The game lasted 00:13:35 (2470 turns).

FallenPrincess the Grasshopper (Vampire Warper)     Turns: 2470, Time: 00:13:36

Health: -9/33      AC:  7    Str: 10    XL:     4   Next: 29%
Magic:  6/7        EV: 13    Int: 15    God:    Xom [..*...]
Gold:   104        SH:  0    Dex: 14    Spells: 2 memorised, 4 levels left

rFire  . . .     SeeInvis +     x - +1 long sword (chaos)
rCold  . . .     Gourm    .     j - +0 robe
rNeg   + . .     Faith    .     (no shield)
rPois  .         Spirit   .     (no helmet)
rElec  .         Dismiss  .     (no cloak)
rCorr  .         Reflect  .     (no gloves)
SustAt .         Harm     .     (no boots)
MR     .....                    (no amulet)
Stlth  +.........               (no ring)
                                t - +5 ring of protection

@: not resistant to hostile enchantments, very unstealthy
A: fangs 3, see invisible, unbreathing
a: Bat Form, Renounce Religion


You were on level 3 of the Dungeon.
You worshipped Xom.
You were a toy of Xom.
You were not thirsty.

You visited 1 branch of the dungeon, and saw 3 of its levels.

You collected 104 gold pieces.

Inventory:

Hand Weapons
 a - a +0 short sword
 u - a +0 short sword of draining
 v - a +0 falchion of holy wrath
 x - a +1 long sword of chaos (weapon)
 y - a +0 hunting sling of freezing
Missiles
 e - 33 stones
 o - 8 sling bullets
 r - 7 poisoned needles
 s - 2 javelins (quivered)
Armour
 j - a +0 robe (worn)
 w - a +0 ring mail
Jewellery
 n - a +5 ring of strength {unknown}
 t - a +5 ring of protection (left hand)
Scrolls
 d - a scroll of blinking
 g - a scroll of amnesia
 i - a scroll of random uselessness
 m - 2 scrolls of identify
Potions
 b - a potion of mutation {unknown}
 h - a potion of haste {unknown}
 k - a potion of ambrosia {unknown}
 l - 2 potions of degeneration {unknown}
 p - a potion of flight {unknown}
 q - a potion of resistance {unknown}
 z - a potion of curing {unknown}
Books
 c - a book of Spatial Translocations

   Spells                             Type                      Level
   a - Apportation                    Translocation                1
   b - Blink                          Translocation                2
   c - Shroud of Golubria             Charms/Translocation         2
   d - Portal Projectile              Translocation                3
   e - Teleport Other                 Translocation                3
   f - Passage of Golubria            Translocation                4


   Skills:
 + Level 2.1 Fighting
 + Level 2.5 Short Blades
 + Level 0.4(0.7) Slings
 + Level 0.8(1.0) Throwing
 + Level 1.5 Armour
 + Level 2.7 Dodging
 + Level 2.3 Spellcasting
 + Level 3.0 Translocations


You had 4 spell levels left.
You knew the following spells:

 Your Spells              Type           Power        Failure   Level  Hunger
a - Apportation           Tloc           ##........   8%          1    #......
b - Shroud of Golubria    Chrm/Tloc      #.........   17%         2    ###....


Dungeon Overview and Level Annotations

Branches:
Dungeon (3/15)

Altars:
Xom

Annotations:
D:3 Grinder


Innate Abilities, Weirdness & Mutations

You have razor-sharp teeth.
You have supernaturally acute eyesight.
You can survive without breathing.


Message History

You detect creatures!
Grinder blinks! "See what I see, my child!"
You feel aware of your surroundings.
The orc wizard gestures wildly while chanting.
The orc wizard seems to speed up.
Your shroud begins to fray at the edges.
Grinder blinks!
The orc wizard miscasts a cantrip.
The jackal closely misses you.
Grinder blinks!
The orc wizard points at you and mumbles some strange words.
The puff of frost misses you. The jackal completely misses you.
Your shroud bends the jackal's attack away.
Your shroud unravels.
The jackal barely misses you.
The orc priest mumbles some strange prayers to Beogh against you.
Beogh smites you!
You die...
Xom cackles wildly!

,* #.#** *,,, ,s *,**#.#
#.#,,.# * , ,..# #.# ,.#,#
g *#.# #.#*,.#.# ., #.#
#.###.#.#
.(###.#######.......#
....o.......#.......#
.#####.####.#..##...# ,
#....o...oh@...# *
#.##.......#...#.
#.##.#...........#*
#....#..†.#####....
#.......#.# #........#. #
#..####%#.# #.......#.#.#.
#.......#.# #........#.#.
##.######.#**##.......#.#.
#.# #.., .........#.


You could see an orc priest, an orc wizard and a jackal.

Vanquished Creatures
  Terence (D:2)
  2 adders
  2 worms (D:2)
  3 dart slugs
  A giant gecko (D:2)
  A ball python (D:2)
  2 giant cockroaches
  4 goblins (D:2)
  5 hobgoblins
  3 bats
  2 giant newts
  4 kobolds
  4 rats
34 creatures vanquished.

Notes
Turn   | Place    | Note
--------------------------------------------------------------
     0 | D:1      | FallenPrincess the Vampire Warper began the quest for the Orb.
     0 | D:1      | Reached XP level 1. HP: 16/16 MP: 3/3
   472 | D:1      | Reached XP level 2. HP: 22/22 MP: 5/5
  1067 | D:2      | Noticed Terence
  1089 | D:2      | Killed Terence
  1089 | D:2      | Reached skill level 1 in Armour
  1089 | D:2      | Reached XP level 3. HP: 7/27 MP: 6/6
  1342 | D:2      | Learned a level 2 spell: Shroud of Golubria
  1416 | D:2      | Found a faded altar to an unknown god.
  1442 | D:2      | Became a worshipper of Xom of Chaos
  1578 | D:2      | XOM: silly message
  1603 | D:2      | Reached skill level 3 in Translocations
  1926 | D:2      | XOM: divination: magic mapping
  1932 | D:2      | Reached XP level 4. HP: 33/33 MP: 7/7
  2053 | D:2      | XOM: god gift: glowing long sword {god gift}
  2290 | D:3      | XOM: harmless Trmt miscast
  2450 | D:3      | Noticed Grinder
  2457 | D:3      | XOM: divination: detect creatures
  2460 | D:3      | XOM: divination: magic mapping
  2470 | D:3      | Killed from afar by an orc priest

Skill      XL: |  1  2  3 |
---------------+----------+-----
Fighting       | 2 |  2.1
Armour         | 1 |  1.5
Translocations | 3 |  3.0
Short Blades   | |  2.5
Slings         | |  0.4
Throwing       | |  0.8
Dodging        | |  2.7
Spellcasting   | |  2.3

Action                   |  1- 3 |  4- 6 || total
-------------------------+-------+-------++-------
Melee: Short sword       |    95 |     2 ||    97
       Bite              |     3 |     1 ||     4
       Long sword        |       |    16 ||    16
 Fire: Hunting sling     |     6 |       ||     6
Throw: Tomahawk          |     5 |       ||     5
       Javelin           |     6 |     5 ||    11
 Cast: Apportation       |     1 |       ||     1
       Shroud of Golubri |     1 |     1 ||     2
  Use: Scroll            |     6 |       ||     6
  Eat: Corpse            |     5 |     1 ||     6
Armor: Leather armour    |    11 |       ||    11
       Robe              |     9 |     6 ||    15
Dodge: Dodged            |    60 |    17 ||    77
